 Dungeon Crawl Stone Soup version 0.21-a0-578-gc6e9d75 (webtiles) character file.

673 KristoblXynda the Cutter (level 7, 0/61 HPs)
             Began as a Kobold Berserker on Dec 18, 2017.
             Was a Believer of Trog.
             Splashed by a jelly's acid (10 damage)
             ... on level 5 of the Dungeon.
             The game lasted 00:07:39 (3937 turns).

KristoblXynda the Cutter (Kobold Berserker)         Turns: 3937, Time: 00:07:40

Health: 0/61       AC: -4    Str: 20    XL:     7   Next: 90%
Magic:  7/7        EV: 16    Int:  9    God:    Trog [**....]
Gold:   215        SH:  0    Dex: 15    Spells: 6/6 levels left

rFire    + . .     SeeInvis .   a - +0 short sword
rCold    . . .     Gourm    .   (shield restricted)
rNeg     . . .     Faith    .   j - +0 scale mail {rF+}
rPois    .         Spirit   .   (no helmet)
rElec    .         Reflect  .   (no cloak)
rCorr    .         Harm     .   t - +2 pair of gloves
MR       .....                  (no boots)
Stlth    ..........             (no amulet)
HPRegen  0.20/turn              i - +1 ring of protection
MPRegen  0.10/turn              (no ring)

@: berserking, corroded, very quick
A: small, carnivore
a: Berserk, Trog's Hand, Burn Spellbooks, Renounce Religion


You were on level 5 of the Dungeon.
You worshipped Trog.
Trog was pleased with you.
You were not hungry.

You visited 1 branch of the dungeon, and saw 5 of its levels.

You collected 215 gold pieces.

Inventory:

Hand Weapons
 a - a +0 short sword (weapon)
Armour
 j - a +0 scale mail of fire resistance (worn)
 p - a +0 buckler
 t - a +2 pair of gloves (worn)
Jewellery
 i - a +1 ring of protection (left hand)
Wands
 q - a wand of disintegration (9)
Scrolls
 d - 2 scrolls of teleportation {unknown}
 e - 3 scrolls of identify {unknown}
 f - 2 scrolls of remove curse {unknown}
 l - 4 scrolls of noise {unknown}
 m - 2 scrolls of enchant armour {unknown}
 o - a scroll of magic mapping {unknown}
 s - a scroll of blinking {unknown}
Potions
 b - a potion of heal wounds {unknown}
 g - a potion of cancellation {unknown}
 h - a potion of berserk rage {unknown}
 k - a potion of agility {unknown}
 n - 2 potions of curing {unknown}
 r - a potion of mutation {unknown}
Comestibles
 c - 3 rations


   Skills:
 - Level 3.2 Fighting
 + Level 7.2 Short Blades
 + Level 4.1 Armour
 - Level 6.0 Dodging
 + Level 0.7 Stealth


You had 6 spell levels left.
You didn't know any spells.

Dungeon Overview and Level Annotations

Branches:
Dungeon (5/15)
 Temple: D:4-7

Altars:
Cheibriados
Hepliaklqana
Zin

Shops:
D:2 *


Innate Abilities, Weirdness & Mutations

You are small and have problems with some larger weapons.
You are carnivorous and can eat meat at any time.


Message History

The jelly is moderately wounded.
You hit the jelly but do no damage.
Your hands burn!
The jelly is moderately wounded.
The jelly closely misses you.
You hit the jelly. The acid corrodes you!
Your hands burn!
The jelly is severely wounded.
The jelly barely misses you.
A red film seems to cover your vision as you go berserk!
You feel yourself moving faster!
You feel mighty! The jelly hits you.
You are splashed with acid!
The acid burns!
You hit the jelly. The acid corrodes you!
Your hands burn!
* * * LOW HITPOINT WARNING * * *
The jelly is almost dead.
You hit the jelly but do no damage.
Your hands burn!
* * * LOW HITPOINT WARNING * * *
The jelly is almost dead.
The jelly hits you.
* * * LOW HITPOINT WARNING * * *
You are splashed with acid!
The acid burns!
You die...

.. #.... ##.....
##..... ##....#
#########.....#####
#.J@...............
#.....##...........##
#..###
###..........### #..
###..........# #
###.........
#......... ##........
#........ #........


You could see a jelly.

Vanquished Creatures
  The ghost of Gerstahl the Skirmisher, a novice DsMo (D:4)
  The ghost of TBriggs11TB the Bolt Thrower, an amateur KoHu (D:3)
  A howler monkey (D:4)
  A centaur zombie (D:5)
  An iguana (D:4)
  3 worker ants
  4 adders
  A shadow imp (D:5)
  An adder skeleton (D:4)
  2 worms (D:2)
  5 dart slugs
  A leopard gecko (D:2)
  2 orcs
  6 bats (D:1)
  5 giant cockroaches
  5 goblins
  3 hobgoblins
  5 jackals
  4 kobolds
  A quokka (D:4)
  5 ball pythons
  3 frilled lizards
  A quokka skeleton (D:5)
  8 rats
  A plant (D:1)
71 creatures vanquished.

Notes
Turn   | Place    | Note
-------+----------+-------------------------------------------
     0 | D:1      | KristoblXynda the Kobold Berserker began the quest for the Orb.
     0 | D:1      | Reached XP level 1. HP: 14/14 MP: 1/1
    92 | D:1      | Reached XP level 2. HP: 11/19 MP: 2/2
   735 | D:1      | Reached XP level 3. HP: 23/23 MP: 3/3
  1505 | D:2      | Reached ** piety under Trog
  1505 | D:2      | Reached XP level 4. HP: 17/28 MP: 4/4
  1752 | D:2      | Reached skill level 5 in Short Blades
  2062 | D:2      | Found Zin's Purification Station.
  2067 | D:2      | Found a glowing silver altar of Zin.
  2803 | D:3      | Reached XP level 5. HP: 28/32 MP: 5/5
  2813 | D:3      | Noticed TBriggs11TB's ghost (amateur KoHu)
  2833 | D:3      | Killed TBriggs11TB's ghost
  3019 | D:4      | Found a hazy altar of Hepliaklqana.
  3036 | D:4      | Noticed Gerstahl's ghost (novice DsMo)
  3063 | D:4      | Killed Gerstahl's ghost
  3063 | D:4      | Reached skill level 6 in Short Blades
  3063 | D:4      | Reached skill level 5 in Dodging
  3063 | D:4      | Reached XP level 6. HP: 25/37 MP: 6/6
  3063 | D:4      | Reached XP level 7. HP: 27/41 MP: 7/7
  3246 | D:4      | Found a snail-covered altar of Cheibriados.
  3371 | D:4      | Reached skill level 7 in Short Blades
  3821 | D:5      | Entered Level 5 of the Dungeon
  3937 | D:5      | Splashed by a jelly's acid

Vault maps used:
D:1:      roderic_crop_circles_arrival_small
D:2:      zin_purify, palyth_stone_intersect
D:3:      lemuel_coloured_pillars_altar, first_ration
D:4:      old_standard_altar, kennysheep_little_box

Skill      XL: |  1  2  3  4  5  6  7 |
---------------+----------------------+-----
Armour         | 2 3 4 |  4.1
Dodging        | 3 5 6 |  6.0
Short Blades   | 5 6 7 |  7.2
Fighting       | |  3.2
Stealth        | |  0.7

Action                   |  1- 3 |  4- 6 |  7- 9 || total
-------------------------+-------+-------+-------++-------
Melee: Short sword       |   278 |   120 |   143 ||   541
Invok: Berserk           |       |     3 |     1 ||     4
       Trog's Hand       |       |     1 |       ||     1
 Stab: Sleeping          |     1 |       |       ||     1
  Eat: Chunk             |    20 |    16 |    10 ||    46
Armor: Animal skin       |    19 |       |       ||    19
       Scale mail        |    22 |    23 |    32 ||    77
Dodge: Dodged            |   121 |    56 |    76 ||   253

Table legend:
 A = Spawn XP
 B = Non-spawn XP
 C = Spawn XP percentage of total XP
 D = Spawn monster count
 E = Non-spawn monster count
 F = Spawn count percentage of total count
 G = Total turns spent on level
                    A         B        C        D         E        F      G
               +---------+---------+-------+---------+---------+-------+---------
         Total |       0 |     962 |   0.0 |       0 |      70 |   0.0 |  3937
               +---------+---------+-------+---------+---------+-------+---------
           D:1 |       0 |      51 |   0.0 |       0 |      26 |   0.0 |  1340
           D:2 |       0 |      71 |   0.0 |       0 |      23 |   0.0 |  1132
           D:3 |       0 |     123 |   0.0 |       0 |       6 |   0.0 |   545
           D:4 |       0 |     625 |   0.0 |       0 |      11 |   0.0 |   804
           D:5 |       0 |      92 |   0.0 |       0 |       4 |   0.0 |   116
               +---------+---------+-------+---------+---------+-------+---------
